cohdb
Replays
Latest Replays
All Replays
Popular Replays
Top Player Replays
Match Explorer
How It Works
Community
CoH3 Stats
Reddit
Sign in to upload your games and track your stats! →
Sign in with Steam
And again, china knows where to shot with mortar! Dube116 maphack
Match 28296347
Overview
Messages
Build Orders
End
Selects Mechanized Battlegroup
Construct Infanterie Kompanie
Pioneer Squad
MG 42 Machine Gun Team
Grenadier Squad
GrW 34 Mortar Team
Construct Panzergrenadier Kompanie
Panzergrenadier Squad
251 Medium Carrier
Panzergrenadier Squad
Panzergrenadier Officer Quarters
Selects Raid Package
Pak 40 Anti-tank Gun Team
Selects 8 Rad Armored Car
Selects UNKNOWN (2160084)
Construct Panzer Kompanie
Selects Mobile Repair Stations
Panther Heavy Tank
Panzer Officer Quarters
FLOKL
ValiantHawk
Sgannarel
Clavis
Will
dube116
moemoe
LLLALLLCR
0
0
Comments
sign in to comment!
No comments posted yet!